 Dungeon Crawl Stone Soup version 0.23.2-33-g5129a83184 (webtiles) character file.

Game seed: 397632062313429333

90 DildoBatman the Conjurer (level 4, 0/30 HPs)
             Began as a Formicid Wizard on July 4, 2019.
             Killed by nerve-wracking pain
             ... invoked by Grinder
              (10 damage)
             ... on level 2 of the Dungeon.
             The game lasted 00:06:24 (2268 turns).

DildoBatman the Conjurer (Formicid Wizard)          Turns: 2268, Time: 00:06:24

Health: 0/30       AC:  2    Str: 11    XL:     4   Next: 85%
Magic:  8/8        EV: 12    Int: 19    God:
Gold:   70         SH:  0    Dex:  9    Spells: 8/9 levels left

rFire    . . .     SeeInvis +   a - +1 whip (elec)
rCold    . . .     Gourm    .   (no shield)
rNeg     . . .     Faith    .   m - +0 robe
rPois    .         Spirit   .   (helmet unavailable)
rElec    .         Reflect  .   (no cloak)
rCorr    .         Harm     .   (no gloves)
MR       .....                  (no boots)
Stlth    ++........             (no amulet)
HPRegen  0.10/turn              (no ring)
MPRegen  0.11/turn              (no ring)

@: no status effects
A: permanent stasis, dig shafts and tunnels, four strong arms, antennae 3
a: Dig, Shaft Self


You were on level 2 of the Dungeon.
You were hungry.

You visited 1 branch of the dungeon, and saw 3 of its levels.

You collected 70 gold pieces.

Inventory:

Hand Weapons
 a - a +1 whip of electrocution (weapon)
 n - a +4 hand axe
Missiles
 b - 38 arrows
 c - 36 stones (quivered)
 f - 18 bolts
 j - 7 sling bullets
Armour
 m - a +0 robe (worn)
Scrolls
 d - a scroll of magic mapping {unknown}
 h - a scroll of enchant weapon {unknown}
 i - a scroll of amnesia {unknown}
 k - 2 scrolls of identify {unknown}
 l - a scroll of remove curse {unknown}
 o - a scroll of enchant armour {unknown}
 p - 3 scrolls of immolation {unknown}
Potions
 g - a potion of resistance {unknown}
Comestibles
 q - 3 chunks of flesh
 v - 7 rations


   Skills:
 * Level 0.2 Maces & Flails
 - Level 1.7 Dodging
 - Level 2.4 Stealth
 - Level 3.2 Spellcasting
 * Level 3.8 Conjurations
   Level 1.0 Summonings
   Level 0.8 Translocations


You had 8 spell levels left.
You knew the following spells:

 Your Spells              Type           Power        Failure   Level  Hunger
c - Magic Dart            Conj           ###.         3%          1    None

Your spell library contained the following spells:

 Spells                   Type           Power        Failure   Level  Hunger
 Call Imp                 Summ           #.......     16%         2    ##.....
 Conjure Flame            Conj/Fire      ##......     21%         3    ###....
 Slow                     Hex            #.......     22%         2    ##.....
 Mephitic Cloud           Conj/Pois/Air  #.......     26%         3    ###....
 Blink                    Tloc           Unusable     N/A         2    N/A

Dungeon Overview and Level Annotations

Branches:
Dungeon (3/15)

Altars:

Annotations:
D:2 Grinder


Innate Abilities, Weirdness & Mutations

You cannot be hasted, slowed, berserked, paralysed or teleported.
You can dig through walls and to a lower floor.
Your four strong arms can wield two-handed weapons with a shield.
You have a pair of large antennae on your head. (SInv)


Message History

Grinder barely misses you.
You climb upwards.
There is a stone staircase leading down here.
Grinder says, "You look like you could use a good racking."
Grinder blinks!
Grinder blinks!
Grinder hits you.
You writhe in agony.
There is a stone staircase leading down, spattered with blood here.
There is an open door here.
You extend your mandibles.
You dig through the rock wall.
You dig through the rock wall.
You are feeling hungry.
You retract your mandibles.
There is a stone staircase leading down, spattered with blood here.
There is an open door here.
Grinder gestures at you. Pain shoots through your body!
You die...

#.###.....###....'.+............#
..# #............###.....########
..###....................#.......
....#...#................#.######
....#...#...........######.# #
.....####....##.......####.# #
.###.# #....##..........#.# #
..##.# ###+###..........#.# #
.....####.....##@........#.######
..............#.#'###....#.......
...............##5...............
...............>.......)...######
...............#####.....########
#..............# #.......#.......
........##....## #.........######
........#.....####.........#...<.
#.......#..................#.###.


You could see Grinder.

Vanquished Creatures
  3 adders (D:2)
  2 worms (D:2)
  A leopard gecko (D:2)
  4 orcs (D:3)
  2 bats
  A giant cockroach (D:2)
  11 goblins
  7 hobgoblins
  4 jackals (D:2)
  3 kobolds
  A ball python (D:1)
  3 frilled lizards
  8 rats
50 creatures vanquished.

Notes
Turn   | Place    | Note
-------+----------+-------------------------------------------
     0 | D:1      | DildoBatman the Formicid Wizard began the quest for the
                  | Orb.
     0 | D:1      | Reached XP level 1. HP: 13/13 MP: 4/4
    10 | D:1      | Reached skill level 1 in Conjurations
   280 | D:1      | Reached XP level 2. HP: 19/19 MP: 0/6
   742 | D:1      | Reached XP level 3. HP: 24/24 MP: 1/7
  1468 | D:2      | Reached XP level 4. HP: 30/30 MP: 0/8
  2095 | D:3      | Noticed Grinder
  2268 | D:2      | Killed from afar by Grinder

Skill      XL: |  1  2  3 |
---------------+----------+-----
Conjurations   | 1 2 3 |  3.8
Maces & Flails | |  0.2
Dodging        | |  1.7
Stealth        | |  2.4
Spellcasting   | |  3.2
Summonings     | |  1.0
Translocations | |  0.8

Action                   |  1- 3 |  4- 6 || total
-------------------------+-------+-------++-------
Melee: Club              |    20 |    24 ||    44
Throw: Stone             |     6 |     7 ||    13
 Cast: Magic Dart        |    81 |    43 ||   124
 Abil: Dig               |     2 |     2 ||     4
  Eat: Chunk             |     1 |     3 ||     4
Armor: Robe              |     6 |     5 ||    11
Dodge: Dodged            |    38 |    18 ||    56
